 Dungeon Crawl Stone Soup version 0.17-a0-1184-gb75be8f (webtiles) character file.

21 ololoev the Charmwright (level 3, 0/27 HPs)
             Began as a Formicid Skald on June 1, 2015.
             Slain by Sigmund
             ... wielding a +0 scythe
              (7 damage)
             ... on level 2 of the Dungeon.
             The game lasted 00:01:56 (921 turns).

ololoev the Charmwright (Formicid Skald)             Turns: 921, Time: 00:01:56

Health: 0/27       AC:  3    Str: 17    XL:     3   Next: 5%
Magic:  6/6        EV: 11    Int: 11    God:
Gold:   43         SH:  0    Dex: 10    Spells: 1 memorised, 5 levels left

rFire  . . .     SeeInvis +     a - +0 falchion
rCold  . . .     Clarity  .     b - +0 leather armour
rNeg   . . .     SustAt   .     (no shield)
rPois  .         Gourm    .     (helmet unavailable)
rElec  .         Spirit   .     (no cloak)
rCorr  .         Warding  .     (no gloves)
rMut   .         Stasis   +     (no boots)
MR     .....                    (no amulet)
Stlth  ..........               (no ring)
                                (no ring)

@: confused, not resistant to hostile enchantments, extremely unstealthy
A: permanent stasis, dig shafts and tunnels, four strong arms, antennae 3
a: Dig, Shaft Self


Innate Abilities, Weirdness & Mutations

You are under a permanent stasis effect.
You can dig through walls and to a lower floor.
Your four strong arms can wield two-handed weapons with a shield.
You have a pair of large antennae on your head (SInv).

Inventory:

Hand weapons
 a - a +0 falchion (weapon)
Armour
 b - a +0 leather armour (worn)
Scrolls
 e - 2 scrolls of identify {unknown}
 g - a scroll of teleportation {unknown}
Books
 c - a book of Battle

   Spells                             Type                      Level
   a - Infusion                       Charms                       1
   b - Shroud of Golubria             Charms/Translocation         2
   c - Song of Slaying                Charms                       2
   d - Spectral Weapon                Hexes/Charms                 3
   e - Regeneration                   Charms/Necromancy            3
Comestibles
 d - a bread ration
 i - a beef jerky


   Skills:
 - Level 2.1 Fighting
 * Level 2.8 Long Blades
 + Level 2.1 Armour
 - Level 0.8 Dodging
 - Level 2.1 Spellcasting
 - Level 3.0 Charms


You had 5 spell levels left.
You knew the following spells:

 Your Spells              Type           Power        Failure   Level  Hunger
a - Infusion              Chrm           #.....       12%         1    ##.....


You were on level 2 of the Dungeon.
You were hungry.

You visited 1 branch of the dungeon, and saw 2 of its levels.

You collected 43 gold pieces.

#. #.. #. #..
....# #.#..
###.#.######.
#............
#....@.....#
#.#@# #.#.#
##.#.#
#....####.#
#........#
#[..#.###.#
####...#
######.###.#
.# #......#
...

Notes
Turn   | Place    | Note
--------------------------------------------------------------
     0 | D:1      | ololoev the Formicid Skald began the quest for the Orb.
     0 | D:1      | Reached XP level 1. HP: 16/16 MP: 3/3
   305 | D:1      | Reached XP level 2. HP: 19/22 MP: 5/5
   805 | D:1      | Reached XP level 3. HP: 18/27 MP: 6/6
   907 | D:2      | Noticed Sigmund
   921 | D:2      | Slain by Sigmund

Dungeon Overview and Level Annotations

Branches:
Dungeon (2/15)

Altars:

Annotations:
D:2 Sigmund


Message History

No target in view!
No target in view!
Things that are here:
a club; a hobgoblin corpse HP restored.
Found a pair of gloves.
Sigmund the Dreaded comes into view.
He is wielding a scythe.
Sigmund shouts!
Sigmund says, "I'm your fate."
Drink which item? (? for menu, Esc to quit)
It was a potion of cancellation.
You feel magically purged. Sigmund gestures at you while chanting.
You are confused.
Drink which item? (? for menu, Esc to quit)
It was a potion of curing.
You feel better.
You are feeling hungry.
You hit Sigmund but do no damage.
Sigmund zaps a wand.
You resist with some effort.
It is a wand of confusion.
Sigmund zaps a wand.
You are confused.
You miss Sigmund.
Sigmund zaps a wand.
You are more confused.
You bump into the rock wall.
Sigmund hits you with a scythe!
You barely miss Sigmund.
You bump into the rock wall.
Sigmund hits you with a scythe.
You slash Sigmund!
Sigmund is moderately wounded.
Sigmund hits you with a scythe!
You bump into the rock wall.
You're too confused to move!
Sigmund casts a spell.
Sigmund is suddenly surrounded by pale blue light.
Sigmund zaps a wand.
You are more confused.
You closely miss Sigmund.
Sigmund is moderately wounded.
Sigmund closely misses you.
You hit Sigmund but do no damage.
Sigmund is moderately wounded.
Sigmund hits you with a scythe!
You die...

You could see Sigmund.

Vanquished Creatures
  A giant gecko (D:1)
  A ball python (D:1)
  4 goblins (D:1)
  4 hobgoblins
  3 bats (D:1)
  2 giant cockroaches (D:1)
  2 giant newts (D:1)
  3 rats (D:1)
  2 plants (D:1)
22 creatures vanquished.

Action                   || total
-------------------------++-------
Melee: Falchion          ||   148
 Abil: Dig               ||     1
  Use: Potion            ||     2

Vault maps used:
D:1:      roderic_crop_circles_arrival_small
D:2:      bloody_trog, uniq_sigmund
